 Dungeon Crawl Stone Soup version 0.01-2087-gb5e28fc70b (webtiles) character file.

Game seed: 666745459601965223, levelgen mode: deterministic

164 sking99 the Shield-Bearer (level 5, 0/39 HPs) Goblin Fighter. Began on May 31, 2020. Slain by a phantom (7 damage) ... while paralysed ... on level 3 of the Dungeon. The game lasted 00:04:18 (2031 turns).

sking99 the Shield-Bearer (Goblin Fighter)          Turns: 2031, Time: 00:04:18

Health: 0/39       AC: 18    Str: 10    XL:     5 ^: 34
Magic:  3/3        EV:  3    Int:  2    God:
Gold:   187        SH:  0    Dex:  6    Spells: 4/4 levels left

rFire    . . .     Vision   .   a - +0 war axe
rCold    . . .     Gourm    .   c - +0 buckler
rNeg     + + +     Faith    .   b - +0 scale mail
rPois    ∞         Spirit   .   (no helmet)
rElec    .         Reflect  .   (no cloak)
rCorr    .         Harm     .   (no gloves)
MR       .....                  (no boots)
Stlth    ..........             (no amulet)
HPRegen  0.23/turn              (no ring)
MPRegen  0.13/turn              (no ring)

@: petrified
A: small, stagnant stats, goblin's greed, low mp 1, mutation resistance 1, god's
pity 2
a: no special abilities


You were on level 3 of the Dungeon.
You were hungry.

You visited 1 branch of the dungeon, and saw 3 of its levels.

You collected 155 gold pieces.

Inventory:

Weapons
 a - a +0 war axe (weapon) Shields
 c - a +0 buckler (shield)
Armour
 b - a +0 scale mail (worn)
Jewellery
 j - an uncursed ring of positive energy
 p - an uncursed amulet of guardian spirit
Wands
 q - a wand of iceblast (8)
Scrolls
 e - a scroll of blinking
 h - 2 scrolls of amnesia
 k - a scroll of fog
 l - a scroll of teleportation
 m - 2 scrolls of enchantment
 o - 2 scrolls of fear
Potions
 d - a potion of might
 i - a potion of berserk rage
 n - a potion of heal wounds
Comestibles
 f - 7 rations


   Skills:
 + Level 5.0 Fighting
 * Level 5.0 Axes & Hammers
 + Level 5.0 Armour
 + Level 5.0 Shields


You had 4 spell levels left.
You didn't know any spells.
Your spell library was empty.

Dungeon Overview and Level Annotations

Branches:
Dungeon (3/8)

Altars:

Annotations:
D:3 Grinder


Innate Abilities, Weirdness & Mutations

Your stats never grow through leveling.
Your goblin ancestry allows you to find more gold. (+20%)
You are small and have problems with some larger weapons.
Your magical capacity is low. (-10% MP)
You are somewhat resistant to further mutation.
The pity of the gods increases the power of your passive and invoked divine abilities.


Message History

Unknown command.
You see here a frilled lizard corpse.
Grinder gestures at you. Pain shoots through your body!
* * * LOW HITPOINT WARNING * * *
Grinder gestures at you.
You are slowing down.
You see here a worker ant corpse.
You are feeling hungry.
Your limbs are stiffening.
You have turned to stone.
Grinder says, "There's only one good use for a tongue: cutting it out."
Grinder blinks!
The phantom blinks!
The phantom hits you (2).
* * * LOW HITPOINT WARNING * * *
Grinder gestures at you.
The phantom hits you but does no damage.
The phantom hits you (7)!
You die...

### #<# ###W@###
#### #......# ....
#...†..# .....
#..5...# .....
.#......#......
........#.#......
..##.....†.......
.................#
. ............####


You could see Grinder and a phantom.

Vanquished Creatures
  A worker ant (D:3)
  4 adders (D:2)
  A worm (D:2)
  An ooze (D:2)
  6 dart slugs
  A leopard gecko (D:1)
  6 bats
  3 giant cockroaches (D:2)
  15 goblins
  11 hobgoblins
  2 quokkas (D:2)
  6 frilled lizards
  12 kobolds
  10 rats
79 creatures vanquished.

Vanquished Creatures (others)
  5 toadstools (D:1)
5 creatures vanquished.

Grand Total: 84 creatures vanquished

Notes
Turn   | Place    | Note
-------+----------+-------------------------------------------
     0 | D:1      | sking99 the Goblin Fighter began the quest for the Orb.
     0 | D:1      | Reached XP level 1. HP: 17/17 MP: 0/0
   115 | D:1      | Reached XP level 2. HP: 22/22 MP: 0/0
   345 | D:1      | Reached XP level 3. HP: 22/27 MP: 1/1
   905 | D:2      | Reached XP level 4. HP: 30/34 MP: 2/2
  1231 | D:2      | Reached XP level 5. HP: 38/38 MP: 3/3
  1981 | D:3      | Noticed a phantom
  1989 | D:3      | Reached skill level 5 in Axes & Hammers
  1989 | D:3      | Reached skill level 5 in Armour
  1989 | D:3      | Reached skill level 5 in Shields
  2015 | D:3      | Reached skill level 5 in Fighting
  2016 | D:3      | Noticed Grinder
  2031 | D:3      | Slain by a phantom

Levels and vault maps discovered:
D:1:      ldierk_walled_garden, layout_basic, mrwooster_statue_mirror
D:2:      wad_pebble_path, layout_basic
D:3:      layout_basic, first_ration, uniq_grinder

Skill      XL: |  1  2  3  4  5 |
---------------+----------------+-----
Axes & Hammers | 3 4 5 |  5.0
Armour         | 5 |  5.0
Shields        | 5 |  5.0
Fighting       | 5 |  5.0

Action                   |  1- 3 |  4- 6 || total
-------------------------+-------+-------++-------
Melee: War axe           |   159 |   180 ||   339
  Eat: Chunk             |       |     4 ||     4
Armor: Scale mail        |    41 |    85 ||   126
Dodge: Dodged            |   105 |   176 ||   281
Block: Buckler           |    63 |    68 ||   131
